 Dungeon Crawl Stone Soup version 0.31-a0-1300-gb6740aa4e6 (webtiles) character file.

Game seed: 10333647235367979057

267 avis the Ducker (level 6, -1/32 HPs)
             Began as a Felid Shapeshifter on Dec 19, 2023.
             Slain by a gnoll
             ... wielding a +0 long sword
             ... led by a gnoll bouda
              (3 damage)
             ... on level 4 of the Dungeon.
             The game lasted 00:11:59 (2060 turns).

avis the Ducker (Felid Shapeshifter)                Turns: 2060, Time: 00:12:00

Health: -1/32      AC:  2    Str: 10    XL:     6   Next: 0%
Magic:  0/7        EV: 20    Int: 14    God:
Gold:   210        SH:  0    Dex: 17    Spells: 5/5 levels left
                                        Lives:  0   Deaths: 2

rFire   . .          .
                       - Unarmed
rCold   + . .        (shield unavailable)
rNeg    . . .        (body armour unavailable)
rPois   .            (helmet unavailable)
rElec   .            (cloak unavailable)
rCorr   .            (gloves unavailable)
SInv    +            (boots unavailable)
Will    .....        e - amulet of guardian spirit
Stlth   ++           d - ring of protection from cold
HPRegen 0.25/turn    (no ring)
MPRegen 0.10/turn

%: guardian spirit
@: beast-form
A: beast (slay +2), very small, claws 1, fangs 3, see invisible, shaggy fur 2,
stealthy paws, no weapons or thrown items, no armour, multi-lived
a: Begin Untransformation


You were on level 4 of the Dungeon.
You were a hulking beast.
You visited 1 branch of the dungeon, and saw 4 of its levels.

You collected 210 gold pieces.

Inventory:

Jewellery
 d - a ring of protection from cold (left paw)
 e - an amulet of guardian spirit (around neck)
Talismans
 b - a beast talisman
 c - a flux talisman
Wands
 a - a wand of paralysis (1)
 p - a wand of flame (21)
 q - a wand of polymorph (5)
Scrolls
 f - 3 scrolls of fog {unknown}
 h - a scroll of enchant armour {unknown}
 i - 4 scrolls of identify {unknown}
 m - a scroll of noise {unknown}
 o - a scroll of brand weapon {unknown}
 s - a scroll of immolation {unknown}
Potions
 g - a potion of curing {unknown}
 j - a potion of heal wounds {unknown}
 k - a potion of degeneration {unknown}
 l - a potion of enlightenment {unknown}
 n - a potion of berserk rage {unknown}
 r - a potion of haste {unknown}


   Skills:
 - Level 3.0 Fighting
 - Level 6.0 Dodging
 - Level 3.0 Unarmed Combat
 * Level 3.8 Shapeshifting


You had 5 spell levels left.
You didn't know any spells.
Your spell library contained the following spells:

 Spells                   Type           Power      Damage    Failure   Level
 Magic Dart               Conj           0%         1d3       28%         1
 Call Imp                 Summ           0%         N/A       41%         2
 Mephitic Cloud           Conj/Pois/Air  0%         N/A       65%         3


Dungeon Overview and Level Annotations

Branches:
Dungeon (4/15)
 Temple: D:4-7

Altars:
Ashenzari

Shops:
D:2 *[=[   D:3 *


Innate Abilities, Weirdness & Mutations

You are a hulking beast.
Your limbs bulge with bestial killing power. (Slay +2)
You have sharp claws.
You have razor-sharp teeth.
You have supernaturally acute eyesight. (SInv)
You are covered in thick fur. (AC +2)
Your paws help you pounce on unaware monsters.
You are incapable of wielding weapons or throwing items.
You cannot wear armour.
You gain extra lives every three experience levels.


Message History

Your shape twists and changes as you die.
The black bear claws you. The black bear completely misses you.
You rejoin the land of the living...
There is an open door here.
The black bear bites you! The black bear barely misses you.
The black bear misses you.
You claw the black bear!
You kill the black bear!
You have reached level 6!
Your fur grows into a thick mane.
Magic restored.
HP restored.
There is an open door here.
The gnoll shouts!
The gnoll shouts!
The gnoll hits you from afar with a +0 halberd.
The gnoll bouda barks out a call to the hunt!
The gnolls pick up the pace!
The gnoll hits you with a +0 halberd!
The gnoll shouts!
You scratch the gnoll.
The gnoll is heavily wounded.
You barely miss the gnoll bouda. The gnoll misses you.
The gnoll hits you with a +0 long sword.
You scratch the gnoll bouda but do no damage.
The gnoll closely misses you. The gnoll barely misses you.
The gnoll barely misses you. The gnoll closely misses you.
The gnoll misses you.
The gnoll bouda hits you with a +0 whip!
You claw the gnoll!
The gnoll is severely wounded.
The gnoll closely misses you. The gnoll misses you.
The gnoll hits you with a +0 long sword!
* * * LOW HITPOINT WARNING * * *
The gnoll bouda misses you.
You scratch the gnoll but do no damage.
The gnoll is severely wounded.
The gnoll misses you. The gnoll completely misses you.
The gnoll hits you with a +0 long sword.
You die...

..........###....##
..................#
........#########.# ##
.#..)...# #.# ...
.###'###### #.# #.##
.##.......#######.# #....
.##.............#)##.....
.##......#..###.#g...#
.########.......hg...#
..# #...###gg....# ..#
#...# ###>..##... ..#
.+...# ###.####... ..#
.#...###..'####.. ..+
.............[#..
..#####...+########+.#.#
..........# #.#.#
.....#..#.# #.#.#


You could see a gnoll bouda and 3 gnolls.

Vanquished Creatures
  A black bear (D:4)
  Ijyb (D:3)
  Natasha (twice) (D:3)
  Terence (D:3)
  3 adders
  3 dart slugs (D:1)
  An orc (D:4)
  A ball python (D:2)
  4 bats
  4 endoplasms
  5 giant cockroaches
  6 goblins
  6 hobgoblins
  2 frilled lizards
  6 kobolds
  5 rats
51 creatures vanquished.

Notes
Turn   | Place    | Note
-------+----------+-------------------------------------------
     0 | D:1      | avis the Felid Shapeshifter began the quest for the Orb.
     0 | D:1      | Reached XP level 1. HP: 10/10 MP: 2/2
    41 | D:1      | Reached skill level 3 in Dodging
    94 | D:1      | Reached XP level 2. HP: 14/14 MP: 3/3
   144 | D:1      | Reached skill level 4 in Dodging
   337 | D:1      | Found a faded altar of an unknown god.
   606 | D:2      | Found Lohuguim's Jewellery Shoppe.
   611 | D:2      | Reached XP level 3. HP: 18/18 MP: 4/4
   620 | D:2      | Found Gotit's Armour Shoppe.
   971 | D:2      | Reached skill level 5 in Dodging
  1104 | D:2      | Found Faceutur's Armour Shop.
  1114 | D:2      | Found Aresm's General Store.
  1412 | D:3      | Found Siang's Assorted Antiques.
  1465 | D:3      | Noticed Natasha
  1472 | D:3      | Killed Natasha
  1473 | D:3      | Reached XP level 4. HP: 16/23 MP: 3/5
  1522 | D:3      | Found a broken altar of Ashenzari.
  1620 | D:3      | Noticed Terence
  1656 | D:3      | Noticed Natasha
  1667 | D:3      | Killed Natasha
  1668 | D:3      | Reached skill level 6 in Dodging
  1679 | D:3      | Noticed Ijyb
  1687 | D:3      | Paralysed by Ijyb for 2 turns
  1691 | D:3      | Paralysed by Ijyb for 3 turns
  1701 | D:3      | Killed Ijyb
  1702 | D:3      | Reached XP level 5. HP: 16/27 MP: 2/6
  1831 | D:3      | Killed Terence
  1855 | D:3      | You fall into a shaft and drop 1 floor!
  1882 | D:4      | Noticed a black bear
  1933 | D:4      | Slain by a gnoll
  1990 | D:4      | Noticed a black bear
  2003 | D:4      | Slain by a black bear
  2013 | D:4      | Killed a black bear
  2014 | D:4      | Gained mutation: You are covered in thick fur. (AC +2)
                  | [Felid growth]
  2014 | D:4      | Reached XP level 6. HP: 26/32 MP: 5/7
  2060 | D:4      | Slain by a gnoll

Illustrated notes

Levels and vault maps discovered:
D:1:      roderic_chinese_lattice_arrival, layout_rooms, basic_ecumenical_altar
D:2:      layout_basic, serial_shops, shop, nicolae_square_shop, shop, shop,
          minmay_fractal_squares_5
D:3:      layout_rooms, ashenzari_altar_1, serial_shops, shop, uniq_ijyb,
          uniq_terence, uniq_natasha
D:4:      layout_basic, overflow_temple_1_default, minivault_11

Skill      XL: |  1  2  3  4  5 |
---------------+----------------+-----
Dodging        | 3 4 5 6 |  6.0
Fighting       | 2 3 |  3.0
Shapeshifting  | 3 |  3.8
Unarmed Combat | |  3.0

Action                     |  1- 3 |  4- 6 || total
---------------------------+-------+-------++-------
  Melee: Unarmed           |    85 |    59 ||   144
         Bite              |     4 |     7 ||    11
         Punch             |     2 |     2 ||     4
  Evoke: Wand              |       |     2 ||     2
    Use: Potion            |       |     1 ||     1
   Stab: Sleeping          |     1 |       ||     1
         Paralysed         |       |     2 ||     2
 Armour: Skin              |    16 |    38 ||    54
  Dodge: Dodged            |    67 |    83 ||   150

Table legend: (Time is in decaauts)
 A = Elapsed time spent in this place.
 B = Non-inter-level travel time spent in this place.
 C = Inter-level travel time spent in this place.
 D = Time resting spent in this place.
 E = Time spent auto-exploring this place.
 F = Levels seen in this place.
 G = Mean time per level.
                   A        B        C        D        E       F      G
               +--------+--------+--------+--------+--------+-----+--------+
         Total |   2068 |   1965 |    103 |    189 |   1101 |   4 |  517.0 |
       Dungeon |   2068 |   1965 |    103 |    189 |   1101 |   4 |  517.0 |
               +--------+--------+--------+--------+--------+-----+--------+

Top non-repeatable levels by time:
     D:2: 857 daAuts
     D:1: 602 daAuts
     D:3: 405 daAuts
     D:4: 202 daAuts
